Witness me!, chaotic male human Priest ------------- ----- -------------- |...........| |`...## .............| |...........| -------------- #....|## |............| |....(......-# |..(..........####|..>-## ##-............| |...........|# |............| -----# # |............| |...........|# |............| # # -----------|-- ----------.--# |.............###### # # # # % ------|------- # # # # ### # # ###### # # # # ### ##-----# ### ###)#####)# # # ##...<|# # ---|------- ### #### |...|# ### |..@G.....| #-----------|- ####%##########.....######## # |.........| #|..........)| |...|# -.-.---- |.........| #|...........| ---.-# |.{....| |........{| #............| ### |......| ----------- ------------- |......| -------- Witness me! the Acolyte Experience level: 4 Strength: 11 Dexterity: 11 Constitution: 15 Intelligence: 11 Wisdom: 18 Charisma: 11 Health: 22(36) Energy: 36(36) Def: 4 Gold: 273 Moves: 2225 Dungeon seed: EwsB5RXXEFmBXA0z Game ID: Witness me!_1521841750 Your Inventory: Coins $ - 273 gold pieces Weapons a - a blessed +1 mace v - a blessed +0 glaive (alternate weapon; not wielded) z - an uncursed +0 flail (weapon in hand) Armor e - an uncursed +0 robe (being worn) n - an uncursed +0 small shield (being worn) q - an uncursed +0 orcish helm (being worn) Comestibles c - an uncursed clove of garlic d - an uncursed sprig of wolfsbane r - 2 uncursed food rations s - an uncursed cram ration Scrolls k - an uncursed scroll of scare monster p - an uncursed scroll of identify t - an uncursed scroll of blank paper u - a blessed scroll of identify w - a blessed scroll of create monster Spellbooks y - an uncursed spellbook of detect treasure Potions b - 4 potions of holy water j - a blessed potion of see invisible l - an uncursed potion of speed m - an uncursed potion of levitation Tools h - an uncursed oil lamp (0:1348) A - 7 blessed wax candles (0:400) Spells and supernatural/magical abilities: Name Level Category Cost Memory h - healing 1 healing 5pw 100% I - identify 2 divination 18pw 100% W - pray for help -- divine ? -- X - turn undead -- divine ? -- Your skills at the end: Fighting Skills wands [Basic] Weapon Skills mace [Basic] Spellcasting Skills clerical spells [Basic] Final Attributes: You last prayed 73 turns ago. You are dead. Vanquished creatures: a kobold lord 2 orc zombies an acid blob a coyote 2 giant rats 2 gnomes a gecko 6 jackals a kobold a goblin a sewer rat 4 grid bugs a bat 3 lichens 2 kobold zombies 5 newts 34 creatures vanquished. Voluntary challenges: You had been an atheist until turn 2149. You used a wielded weapon 40 times, starting on turn 45. You read items or engraved 8 times, starting on turn 1647. You never genocided any monsters. You never polymorphed an object. You never changed form. You used no wishes. You never split a pudding. You never wrote Elbereth's name. You never violated your personal moral code. Dungeon overview: The Dungeons of Doom: levels 1 to 5 Level 1 some altars to Tyr and Odin, a vault a long staircase Level 2 a vault a long staircase Level 3 some fountains Level 4 Level 5 <- You were here some fountains History has recorded: On T:1 you entered the Dungeons of Doom to retrieve the Amulet of Yendor! On T:284 you advanced to experience level 2. On T:467 you reached level 2 of The Dungeons of Doom. On T:799 you reached level 3 of The Dungeons of Doom. On T:1192 you reached level 4 of The Dungeons of Doom. On T:1615 you reached level 5 of The Dungeons of Doom. On T:1715 you advanced to experience level 3. On T:2123 you advanced to experience level 4. Score breakdown: Gold: 273 ( 8292 points) Experience: 4 levels ( 9649 points) Exploration: 5 levels ( 10.00%) ( 8571 points) Discoveries: 4 items ( 1.33%) ( 3464 points) Valuables value: (no points given unless you survive) Artifact value: 0 ( 0 points) Variety of kills: 16 monsters ( 4.21%) ( 6155 points) Turncount: 2225 turns ( -158 points) Survival: died (score multiplied by 80%) Total score: 28778 Latest messages: You attain a minor zombification disease. You miss the orc zombie. You hit the orc zombie. You miss the orc zombie. (3x) You hit the orc zombie. You miss the orc zombie. (3x) You hit the orc zombie. (2x) You hit the orc zombie! The orc zombie hits! Your zombification disease builds up. You miss the orc zombie. (2x) The orc zombie hits! Your zombification disease builds up critically! The orc zombie hits! Your zombification disease builds up critically! The gnome lord hits! (2x) You hit the gnome lord. (2x) The gnome lord misses. You hit the gnome lord. The gnome lord hits! You hit the gnome lord! You turn into a zombie... Final status: Goodbye Witness me! the Priest, zombified by an orc zombie... You turned into a zombie in The Dungeons of Doom on dungeon level 5 with 28778 points, and 273 pieces of gold, after 2225 moves. You were level 4 with a maximum of 36 hit points when you turned into a zombie.